 Dungeon Crawl Stone Soup version 0.23-a0-13-gb09bef45d9 (webtiles) character file.

171 Kaname the Conjurer (level 5, 35/35 HPs)
             Began as a Demonspawn Wizard on Aug 2, 2018.
             Quit the game on level 3 of the Dungeon.
             The game lasted 00:06:49 (2127 turns).

Kaname the Conjurer (Demonspawn Wizard)             Turns: 2127, Time: 00:06:50

Health: 35/35      AC:  3    Str:  7    XL:     5   Next: 26%
Magic:  9/9        EV: 12    Int: 21    God:
Gold:   182        SH:  4    Dex: 11    Spells: 4/10 levels left

rFire    . . .     SeeInvis .   c - +0 dagger (venom)
rCold    . . .     Gourm    .   (no shield)
rNeg     . . .     Faith    .   a - +0 robe
rPois    .         Spirit   +   b - +0 hat
rElec    .         Reflect  .   (no cloak)
rCorr    .         Harm     .   o - +0 pair of gloves
MR       .....                  (no boots)
Stlth    ++........             (no amulet)
HPRegen  0.11/turn              (no ring)
MPRegen  0.22/turn              (no ring)

@: no status effects
A: horns 1, large bone plates 1, magic shield, magic regeneration
a: no special abilities


You were on level 3 of the Dungeon.
You were not hungry.

You visited 1 branch of the dungeon, and saw 4 of its levels.

You collected 182 gold pieces.

Inventory:

Hand Weapons
 c - a +0 dagger of venom (weapon)
 s - a +2 whip of flaming
Missiles
 p - 23 arrows
Armour
 a - a +0 robe (worn)
 b - a +0 hat (worn)
 o - a +0 pair of gloves (worn)
Wands
 n - a wand of paralysis (19)
Scrolls
 e - 2 scrolls of remove curse {unknown}
 f - 2 scrolls of teleportation {unknown}
 g - a scroll of magic mapping {unknown}
 h - 2 scrolls of identify {unknown}
 j - a scroll of random uselessness {unknown}
Potions
 i - 2 potions of curing {unknown}
 l - a potion of haste {unknown}
 m - a potion of cancellation {unknown}
 q - a potion of heal wounds {unknown}
 r - a potion of invisibility {unknown}
Comestibles
 d - 6 rations
 k - 3 chunks of flesh


   Skills:
 - Level 1.7 Dodging
 - Level 1.7 Stealth
 - Level 3.0 Spellcasting
 + Level 5.2 Conjurations
   Level 1.0 Summonings
 - Level 0.8 Translocations


You had 4 spell levels left.
You knew the following spells:

 Your Spells              Type           Power        Failure   Level  Hunger
a - Magic Dart            Conj           ####         1%          1    None
b - Blink                 Tloc           N/A          14%         2    ##.....
c - Mephitic Cloud        Conj/Pois/Air  ##......     19%         3    ###....

Your spell library contained the following spells:

 Spells                   Type           Power        Failure   Level  Hunger
 Conjure Flame            Conj/Fire      ##......     14%         3    ###....
 Slow                     Hex            #.......     21%         2    ##.....
 Call Imp                 Summ           #.......     13%         2    ##.....


Dungeon Overview and Level Annotations

Branches:
Dungeon (4/15)
 Temple: D:4-7

Altars:
Trog


Innate Abilities, Weirdness & Mutations

You have a pair of small horns on your head.
You are partially covered in large bone plates. (SH +4)
When hurt, damage is shared between your health and your magic reserves.
You regenerate magic rapidly.


Message History

The leopard gecko skeleton is heavily damaged.
Casting: Magic Dart (safe; 1% risk of failure)
Confirm with . or Enter, or press ? or * to list all spells.
You can't see any susceptible monsters within range! (Use Z to cast anyway.) Unknown command.
The leopard gecko skeleton is too close now for your liking.
A leopard gecko skeleton is nearby!
Casting: Magic Dart (safe; 1% risk of failure)
Confirm with . or Enter, or press ? or * to list all spells.
Aiming: Magic Dart (safe; 1% risk of failure)
Press: ? - help, Shift-Dir - straight line, f/p - leopard gecko skeleton
Aim: a leopard gecko skeleton (heavily damaged)
The magic dart hits the leopard gecko skeleton.
You destroy the leopard gecko skeleton!
Found an escape hatch in the ceiling.
A hobgoblin comes into view.
The hobgoblin shouts!
A hobgoblin is nearby!
A hobgoblin is nearby!
Are you sure you want to abandon this character and quit the game? (Confirm with "yes".)

..#
#.......##.#####
.##
#..###.####.....#
## #..# ....#
##....#
#....###.#####...#
..................#
# .#...
#####..###...# .
#.. ##.###...# .
##......##
#.@......#
#...........
#....<.....#
............#
###..........#
#..........#
......g...##
##..........


You could see a hobgoblin.

Vanquished Creatures
  A worker ant (D:3)
  3 gnolls (D:3)
  3 adders
  An ooze (D:2)
  3 worms
  2 dart slugs (D:2)
  A leopard gecko (D:2)
  3 orcs (D:3)
  6 giant cockroaches
  8 goblins
  6 hobgoblins
  6 jackals
  2 ball pythons
  6 bats
  2 frilled lizards
  6 kobolds
  A leopard gecko skeleton (D:3)
  13 rats
73 creatures vanquished.

Notes
Turn   | Place    | Note
-------+----------+-------------------------------------------
     0 | D:1      | Kaname the Demonspawn Wizard began the quest for the Orb.
     0 | D:1      | Reached XP level 1. HP: 13/13 MP: 4/4
   177 | D:1      | Reached skill level 2 in Conjurations
   180 | D:1      | Gained mutation: You have a pair of small horns on your head. [demonic ancestry]
   180 | D:1      | Reached XP level 2. HP: 12/19 MP: 1/6
   593 | D:2      | Reached skill level 3 in Conjurations
   723 | D:2      | Gained mutation: When hurt, damage is shared between your health and your magic reserves. [demonic ancestry]
   723 | D:2      | Reached XP level 3. HP: 13/24 MP: 4/7
   842 | D:2      | Learned a level 2 spell: Blink
   846 | D:2      | Learned a level 3 spell: Mephitic Cloud
  1425 | D:2      | Noticed a moth of wrath
  1428 | D:2      | Found a bloodstained altar of Trog.
  1547 | D:3      | Gained mutation: You regenerate magic rapidly. [demonic ancestry]
  1547 | D:3      | Reached XP level 4. HP: 27/30 MP: 8/8
  1559 | D:3      | Reached skill level 4 in Conjurations
  1992 | D:3      | Reached skill level 5 in Conjurations
  1992 | D:3      | Gained mutation: You are partially covered in large bone plates. (SH +4) [demonic ancestry]
  1992 | D:3      | Reached XP level 5. HP: 33/35 MP: 6/9
  2127 | D:3      | Quit the game

Vault maps used:
D:1:      dpeg_arrival_prison, minmay_misc_feat_more_columns
D:2:      nicolae_overflow_hidden_temple, tgw_trog, first_ration
D:3:      tgw_xom
D:4:      lemuel_round_altar, serial_shops,
          nicolae_shop_temple_entry_statues_fountains, vehumet_altar_wand_db

Skill      XL: |  1  2  3  4 |
---------------+-------------+-----
Conjurations   | 2 3 5 |  5.2
Dodging        | |  1.7
Stealth        | |  1.7
Spellcasting   | |  3.0
Summonings     | |  1.0
Translocations | |  0.8

Action                   |  1- 3 |  4- 6 || total
-------------------------+-------+-------++-------
Melee: Dagger            |    79 |    27 ||   106
       Headbutt          |     9 |     3 ||    12
 Cast: Magic Dart        |    67 |    34 ||   101
 Stab: Sleeping          |     5 |       ||     5
       Distracted        |     2 |       ||     2
  Eat: Chunk             |     2 |     2 ||     4
Armor: Robe              |     9 |     1 ||    10
Dodge: Dodged            |    49 |    21 ||    70

Table legend:
 A = Spawn XP
 B = Non-spawn XP
 C = Spawn XP percentage of total XP
 D = Spawn monster count
 E = Non-spawn monster count
 F = Spawn count percentage of total count
 G = Total turns spent on level
                    A         B        C        D         E        F      G
               +---------+---------+-------+---------+---------+-------+---------
         Total |       0 |     245 |   0.0 |       0 |      73 |   0.0 |  2127
               +---------+---------+-------+---------+---------+-------+---------
           D:1 |       0 |      31 |   0.0 |       0 |      19 |   0.0 |   592
           D:2 |       0 |      64 |   0.0 |       0 |      31 |   0.0 |   944
           D:3 |       0 |     135 |   0.0 |       0 |      21 |   0.0 |   430
           D:4 |       0 |      15 |   0.0 |       0 |       2 |   0.0 |   161
               +---------+---------+-------+---------+---------+-------+---------
